 Dungeon Crawl Stone Soup version 0.32-a0-7-ge934b4519a (webtiles) character file.

Game seed: 16777736406906954038

213 Xavori the Trooper (level 6, -2/47 HPs)
             Began as a Djinni Chaos Knight on Jan 14, 2024.
             Was a Plaything of Xom.
             Slain by Natasha (5 damage)
             ... on level 3 of the Dungeon.
             The game lasted 00:02:22 (4641 turns).

Xavori the Trooper (Djinni Chaos Knight)            Turns: 4641, Time: 00:02:23

Health: -2/47      AC:  8    Str:  9 (11) XL:     6   Next: 14%
Gold:   97         EV: 12    Int: 14      God:    Xom [*.....] SH:  9 Dex: 18

rFire   + + .        a - +0 falchion (chaos)
rCold   x . .        f - +0 buckler
rNeg    . . .        b - +2 leather armour
rPois   ∞            k - +0 helmet
rElec   .            l - +1 cloak
rCorr   .            (no gloves)
SInv    .            (boots unavailable)
Will    +....        (no amulet)
Stlth   +            m - +6 ring of dexterity
HPRegen 0.27/turn    (no ring)
MPRegen 0.00/turn

%: random rage (3%), infuse magic (-3 HP)
@: flying
A: sickness immunity, fire resistance 2, cold vulnerability 1, float, innate
caster, HP casting, extra vitality 1, large bone plates 1, berserk 1, clumsy 1,
deterioration 1, strong-willed 1
a: Renounce Religion


You were on level 3 of the Dungeon.
You worshipped Xom.
You were a special plaything of Xom.
You visited 1 branch of the dungeon, and saw 3 of its levels.

You collected 97 gold pieces.

Inventory:

Hand Weapons
 a - a +0 falchion of chaos (weapon)
Missiles
 o - 2 throwing nets (quivered)
Armour
 b - a +2 leather armour (worn)
 f - a +0 buckler (worn)
 k - a +0 helmet (worn)
 l - a +1 cloak (worn)
Jewellery
 m - a +6 ring of dexterity (left hand)
Scrolls
 c - a scroll of butterflies
 d - 2 scrolls of noise {unknown}
 e - a scroll of revelation {unknown}
 g - 3 scrolls of identify {unknown}
 j - a scroll of fog {unknown}
 p - a scroll of teleportation {unknown}
 q - a scroll of amnesia {unknown}
Potions
 h - 2 potions of enlightenment {unknown}
 i - a potion of lignification {unknown}
 n - a potion of resistance {unknown}


   Skills:
 + Level 3.6 Fighting
 + Level 3.3 Long Blades
 + Level 2.2 Armour
 + Level 3.2 Dodging
 + Level 1.6 Shields
 * Level 1.9 Spellcasting
 * Level 1.9 Conjurations
 * Level 1.9 Hexes
   Level 0.0 Charms
 * Level 1.9 Summonings
 * Level 1.9 Necromancy
 * Level 1.9 Translocations
   Level 0.0 Transmutations
 * Level 1.9 Fire Magic
 * Level 1.9 Ice Magic
 * Level 1.9 Air Magic
 * Level 1.9 Earth Magic
 * Level 1.9 Alchemy


You knew the following spells:

 Your Spells              Type           Power      Damage    Failure   Level
a - Summon Small Mammal   Summ           24%        N/A       24%         1
b - Lesser Beckoning      Tloc           12%        N/A       34%         2
Your spell library was empty.

Dungeon Overview and Level Annotations

Branches:
Dungeon (3/15)

Altars:
Dithmenos
Wu Jian

Annotations:
D:3 Natasha


Innate Abilities, Weirdness & Mutations

You are immune to sickness and miasma.
You are immune to poison.
Your flesh is very heat resistant. (rF++)
You are vulnerable to cold. (rC-)
You float through the air rather than walking.
You learn spells naturally, not from books.
Your magical power is your life essence.
You have superior vitality. (+4 MHP)
You are partially covered in large bone plates. (SH +4)
You sometimes lose your temper in combat.
You are clumsy. (Dex -2)
Your body sometimes deteriorates upon taking damage.
You are strong-willed. (Will+)


Message History

Unknown command.
You closely miss Natasha.
Natasha is moderately wounded.
Natasha claws you but does no damage.
Unknown command.
You miss Natasha.
Natasha is moderately wounded.
Natasha claws you. Natasha barely misses you.
Unknown command.
You closely miss Natasha.
Natasha is moderately wounded.
You block Natasha's attack. Natasha claws you.
Unknown command.
You completely miss Natasha.
Natasha is moderately wounded.
Natasha misses you. Natasha claws you!
You hit Natasha.
Natasha falls asleep!
Natasha is severely wounded.
Natasha claws you!
Your body deteriorates!
You feel weakened.
You are too injured to fight recklessly!
You are too injured to fight recklessly!
You closely miss Natasha.
Natasha is severely wounded.
Natasha claws you!
* * * LOW HITPOINT WARNING * * *
Natasha closely misses you.
You closely miss Natasha.
Natasha is severely wounded.
Natasha misses you. You block Natasha's attack.
You hit Natasha.
Natasha is poisoned.
Natasha is almost dead.
Natasha claws you!
* * * LOW HITPOINT WARNING * * *
Your body deteriorates!
You feel weakened. Natasha barely misses you.
You closely miss Natasha.
Natasha is almost dead.
Natasha claws you.
You die...

..........
#..........#.#........
#.................)...
#...?......#.......)#.
#.......#..........<#.
#............##....<..
#.......##... #.#...#.
#.....h.........#...#.
##....@...# ........##
#.........###..
....... #...........#
.....##.
#.........#..+......
.. ##...##...####. ..
#...#......... ..
#...#(........ ...
#...#......... ... #..
#......... #.


You could see the neutral Natasha (fast, strong, frenzied, very poisoned).

Vanquished Creatures
  Natasha (twice) (D:3)
  Terence (D:3)
  Robin (D:2)
  3 gnolls (D:3)
  A dart slug (D:1)
  3 ribbon worms
  An orc (D:3)
  3 bats
  6 endoplasms
  3 giant cockroaches
  14 goblins
  11 hobgoblins
  8 jackals
  3 quokkas
  4 ball pythons
  4 frilled lizards (D:1)
  7 kobolds
  2 rats
77 creatures vanquished.

Notes
Turn   | Place    | Note
-------+----------+-------------------------------------------
     0 | D:1      | Xavori the Djinni Chaos Knight began the quest for the Orb.
     0 | D:1      | Reached XP level 1. HP: 20/20 MP: 0/0
    59 | D:1      | Reached XP level 2. HP: 24/25 MP: 0/0
   539 | D:1      | Found a faded altar of an unknown god.
   543 | D:1      | XOM: divination: magic mapping
   550 | D:1      | Reached XP level 3. HP: 22/30 MP: 0/0
   550 | D:1      | Learned a level 1 spell: Summon Small Mammal
   619 | D:1      | XOM: silly message
   763 | D:1      | XOM: silly message
   994 | D:1      | XOM: silly message
  1488 | D:1      | XOM: silly message
  2031 | D:1      | XOM: summons 2 hostile demons
  2100 | D:2      | XOM: 3-stop teleportation journey
  2186 | D:2      | Reached skill level 1 in Spellcasting
  2186 | D:2      | Reached skill level 1 in Conjurations
  2186 | D:2      | Reached skill level 1 in Hexes
  2186 | D:2      | Reached skill level 1 in Summonings
  2186 | D:2      | Reached skill level 1 in Necromancy
  2186 | D:2      | Reached skill level 1 in Translocations
  2186 | D:2      | Reached skill level 1 in Fire Magic
  2186 | D:2      | Reached skill level 1 in Ice Magic
  2186 | D:2      | Reached skill level 1 in Air Magic
  2186 | D:2      | Reached skill level 1 in Earth Magic
  2186 | D:2      | Reached skill level 1 in Alchemy
  2343 | D:2      | Noticed Robin
  2375 | D:2      | XOM: summons 2 hostile demons
  2569 | D:1      | XOM: smoke on damage
  2892 | D:2      | Killed Robin
  2893 | D:2      | Reached XP level 4. HP: 28/35 MP: 0/0
  3036 | D:1      | XOM: summons 3 hostile demons
  3600 | D:1      | XOM: give mutations
  3600 | D:1      | Gained mutation: You sometimes lose your temper in combat.
                  | [Xom's mischief]
  3600 | D:1      | Gained mutation: Your body sometimes deteriorates upon
                  | taking damage. [Xom's mischief]
  3600 | D:1      | Gained mutation: You are strong-willed. (Will+) [Xom's
                  | mischief]
  3766 | D:1      | XOM: give mutations
  3766 | D:1      | Gained mutation: You are partially covered in large bone
                  | plates. (SH +4) [Xom's mischief]
  3766 | D:1      | Gained mutation: You are somewhat resistant to further
                  | mutation. [Xom's mischief]
  3766 | D:1      | Lost mutation: You are partially covered in large bone
                  | plates. (SH +4) [Xom's mischief]
  3766 | D:1      | Gained mutation: You are partially covered in large bone
                  | plates. (SH +4) [Xom's mischief]
  3993 | D:2      | XOM: silly message
  4191 | D:3      | Reached skill level 1 in Shields
  4212 | D:3      | Noticed Terence
  4219 | D:3      | Killed Terence
  4220 | D:3      | Reached XP level 5. HP: 40/40 MP: 0/0
  4220 | D:3      | Learned a level 2 spell: Lesser Beckoning
  4432 | D:3      | Found an ornate altar of the Wu Jian Council.
  4442 | D:3      | Found a shadowy altar of Dithmenos.
  4525 | D:3      | XOM: give mutations
  4525 | D:3      | Gained mutation: You are clumsy. (Dex -2) [Xom's mischief]
  4525 | D:3      | Lost mutation: You are somewhat resistant to further
                  | mutation. [Xom's mischief]
  4545 | D:3      | Noticed Natasha
  4559 | D:3      | Killed Natasha
  4560 | D:3      | Reached XP level 6. HP: 44/46 MP: 0/0
  4567 | D:3      | Noticed Natasha
  4577 | D:3      | Killed Natasha
  4627 | D:3      | Noticed Natasha
  4641 | D:3      | Slain by Natasha

Illustrated notes

Levels and vault maps discovered:
D:1:      eino_arrival_water_star, layout_loops_ring,
          shapermc_ecumenical_altar_gd
D:2:      layout_loops_ring, minmay_tetromino_l2, uniq_robin
D:3:      layout_basic, jmf_multi_god_temple2, uniq_natasha, uniq_terence

Skill      XL: |  1  2  3  4  5 |
---------------+----------------+-----
Spellcasting   | 1 |  1.9
Conjurations   | 1 |  1.9
Hexes          | 1 |  1.9
Summonings     | 1 |  1.9
Necromancy     | 1 |  1.9
Translocations | 1 |  1.9
Fire Magic     | 1 |  1.9
Ice Magic      | 1 |  1.9
Air Magic      | 1 |  1.9
Earth Magic    | 1 |  1.9
Alchemy        | 1 |  1.9
Long Blades    | 3 |  3.3
Shields        | 1 |  1.6
Armour         | 2 |  2.2
Dodging        | 3 |  3.2
Fighting       | |  3.6

Action                     |  1- 3 |  4- 6 || total
---------------------------+-------+-------++-------
  Melee: Falchion          |    89 |   120 ||   209
         Punch             |     1 |       ||     1
   Stab: Sleeping          |     2 |     2 ||     4
 Armour: Leather armour    |    73 |    38 ||   111
  Dodge: Dodged            |    39 |    48 ||    87
  Block: Buckler           |    14 |    50 ||    64

Table legend: (Time is in decaauts)
 A = Elapsed time spent in this place.
 B = Non-inter-level travel time spent in this place.
 C = Inter-level travel time spent in this place.
 D = Time resting spent in this place.
 E = Time spent auto-exploring this place.
 F = Levels seen in this place.
 G = Mean time per level.
                   A        B        C        D        E       F      G
               +--------+--------+--------+--------+--------+-----+--------+
         Total |   4717 |   4666 |     51 |   2720 |   1372 |   3 | 1572.3 |
       Dungeon |   4717 |   4666 |     51 |   2720 |   1372 |   3 | 1572.3 |
               +--------+--------+--------+--------+--------+-----+--------+

Top non-repeatable levels by time:
     D:1: 3167 daAuts
     D:2: 1021 daAuts
     D:3: 528 daAuts
